 Dungeon Crawl Stone Soup version 0.18.1-48-g4cf74bf (webtiles) character file.

71 Heedrag the Conjurer (level 4, -4/24 HPs)
             Began as a Deep Elf Conjurer on Aug 27, 2016.
             Slain by Crazy Yiuf
             ... wielding a +3 quarterstaff of chaos
              (7 damage)
             ... on level 2 of the Dungeon.
             The game lasted 00:02:53 (1563 turns).

Heedrag the Conjurer (Deep Elf Conjurer)            Turns: 1563, Time: 00:02:54

Health: -4/24      AC:  2    Str:  6    XL:     4   Next: 5%
Magic:  6/11       EV: 13    Int: 25    God:
Gold:   94         SH:  0    Dex: 15    Spells: 1 memorised, 9 levels left

rFire  . . .     SeeInvis .     (no weapon)
rCold  . . .     Gourm    .     a - +0 robe
rNeg   . . .     Faith    .     (no shield)
rPois  .         Spirit   .     (no helmet)
rElec  .         Dismiss  .     (no cloak)
rCorr  .         Reflect  .     (no gloves)
SustAt .         Harm     .     (no boots)
MR     .....                    (no amulet)
Stlth  ++........               (no ring)
                                g - ring of wizardry

@: brilliant, lethally poisoned (-4 -> -13), very slightly contaminated,
invisible, not resistant to hostile enchantments, unstealthy
A: no striking features
a: no special abilities


You were on level 2 of the Dungeon.
You were not hungry.

You visited 1 branch of the dungeon, and saw 2 of its levels.

You collected 94 gold pieces.

Inventory:

Armour
 a - a +0 robe (worn)
Jewellery
 g - a ring of wizardry (left hand)
Wands
 n - a wand of flame (15/48)
Scrolls
 i - 2 scrolls of immolation {unknown}
 j - 2 scrolls of fog {unknown}
 k - a scroll of remove curse {unknown}
 l - a scroll of enchant weapon {unknown}
 m - 2 scrolls of identify {unknown}
 o - a scroll of noise {unknown}
 p - a scroll of amnesia {unknown}
Books
 b - a book of Conjurations

   Spells                             Type                      Level
   a - Magic Dart                     Conjuration                  1
   b - Searing Ray                    Conjuration                  2
   c - Dazzling Spray                 Conjuration/Hexes            3
   d - Fulminant Prism                Conjuration/Hexes            4
   e - Iskenderun's Mystic Blast      Conjuration                  4
   f - Iskenderun's Battlesphere      Conjuration/Charms           5
Comestibles
 c - 3 bread rations
 d - a slice of pizza
 f - 4 chunks of flesh
 h - 2 meat rations


   Skills:
 - Level 2.4 Dodging
 - Level 2.4 Stealth
 + Level 3.8 Spellcasting
 * Level 5.8 Conjurations


You had 9 spell levels left.
You knew the following spells:

 Your Spells              Type           Power        Failure   Level  Hunger
a - Magic Dart            Conj           ####         1%          1    None


Dungeon Overview and Level Annotations

Branches:
Dungeon (2/15)

Altars:

Annotations:
D:2 Crazy Yiuf


Message History

Tha magic dart hits Crazy Yiuf.
Crazy Yiuf be lightly wounded.
* * * LOW HITPOINT WARNIN'
* * * Ye feel sick.
Drink which item? (? fer menu, 'sc ta quit) It was a potion o' brilliance.
Ye feel cle'er all o' a sudd'n.
Crazy Yiuf closely misses ye.
Drink which item? (? fer menu, 'sc ta quit) It was a potion o' invisibility.
Ye fade inta invisibility!
* * * LOW HITPOINT WARNIN'
* * * Ye feel sick.
Crazy Yiuf closely misses ye.
Ye be very lightly contaminated wit' residual magic.
Ye hit Crazy Yiuf but do nay damage.
* * * LOW HITPOINT WARNIN'
* * * Ye feel sick.
Crazy Yiuf says, "Action!
Race blue fast."
Crazy Yiuf hits ye wit' a quarterstaff o' chaos!
Ye die...

###..## ##.....
###...#####......
#......#.........
#######..........
#..........
#.......... #####
#.##......#
###..)#
####.......
#.@g..#
##........
#..##...#
#......... #.#
##### ##.##.....#
# #..###...##
#.## #[#### #####
####.# #รท# #
#....##....# #.#
# ##.###....)##
#.####
#####..#...#..^#
#(#...


You could see Crazy Yiuf.

Vanquished Creatures
  2 adders (D:2)
  An ooze (D:1)
  A worm (D:2)
  2 dart slugs
  2 giant cockroaches (D:1)
  3 hobgoblins (D:1)
  3 jackals (D:1)
  4 kobolds
  2 ball pythons (D:1)
  9 bats
  3 giant newts
  8 goblins
  2 rats (D:2)
42 creatures vanquished.

Notes
Turn   | Place    | Note
--------------------------------------------------------------
     0 | D:1      | Heedrag the Deep Elf Conjurer began the quest for the Orb.
     0 | D:1      | Reached XP level 1. HP: 10/10 MP: 6/6
   142 | D:1      | Reached XP level 2. HP: 10/15 MP: 4/8
   181 | D:1      | Reached skill level 5 in Conjurations
   830 | D:1      | Reached XP level 3. HP: 19/19 MP: 7/9
  1549 | D:2      | Reached XP level 4. HP: 24/24 MP: 9/11
  1555 | D:2      | Noticed Crazy Yiuf
  1563 | D:2      | Slain by Crazy Yiuf

Skill      XL: |  1  2 |
---------------+-------+-----
Conjurations   | 5 |  5.8
Dodging        | |  2.4
Stealth        | |  2.4
Spellcasting   | |  3.8

Action                   |  1- 3 |  4- 6 || total
-------------------------+-------+-------++-------
Melee: Unarmed           |     6 |     1 ||     7
 Cast: Magic Dart        |    78 |     5 ||    83
  Use: Potion            |       |     2 ||     2
  Eat: Chunk             |     2 |       ||     2
Armor: Robe              |     2 |       ||     2
Dodge: Dodged            |    10 |     2 ||    12
